 Dungeon Crawl Stone Soup version 0.27-a0-1301-g128193abf8 (webtiles) character file.

Game seed: 9302973568902649051

111 mordus the Shield-Bearer (level 4, 0/39 HPs)
             Began as a Minotaur Fighter on June 17, 2021.
             Killed by nerve-wracking pain
             ... invoked by Grinder
              (13 damage)
             ... on level 4 of the Dungeon.
             The game lasted 00:05:31 (2345 turns).

mordus the Shield-Bearer (Minotaur Fighter)         Turns: 2345, Time: 00:05:32

Health: 0/39       AC:  7    Str: 22    XL:     4   Next: 62%
Magic:  3/3        EV:  7    Int:  5    God:
Gold:   196        SH:  9    Dex:  9    Spells: 3/3 levels left

rFire    . . .     SeeInvis .   a - +0 trident
rCold    . . .     Faith    .   c - +0 kite shield
rNeg     . . .     Spirit   .   b - +0 scale mail
rPois    .         Reflect  .   (helmet restricted)
rElec    .         Harm     .   (no cloak)
rCorr    .         Rampage  .   (no gloves)
Will     .....                  (no boots)
Stlth    ..........             (no amulet)
HPRegen  0.13/turn              (no ring)
MPRegen  0.08/turn              (no ring)

@: no status effects
A: horns 2, retaliatory headbutt
a: no special abilities


You were on level 4 of the Dungeon.
You visited 1 branch of the dungeon, and saw 4 of its levels.

You collected 196 gold pieces.

Inventory:

Hand Weapons
 a - a +0 trident (weapon)
Missiles
 n - 2 boomerangs of dispersal (quivered)
Armour
 b - a +0 scale mail (worn)
 c - a +0 kite shield (worn)
Jewellery
 k - an amulet of faith
 l - a ring of protection from cold
Scrolls
 e - a scroll of identify {unknown}
 f - 2 scrolls of noise {unknown}
 h - a scroll of torment {unknown}
 m - a scroll of magic mapping {unknown}
 o - a scroll of immolation {unknown}
Potions
 d - 2 potions of might
 g - 2 potions of heal wounds {unknown}
 i - a potion of flight {unknown}
 j - 2 potions of lignification {unknown}
 p - a potion of cancellation {unknown}
 q - a potion of resistance {unknown}
 r - a potion of attraction {unknown}


   Skills:
 - Level 3.6 Fighting
 * Level 4.5 Polearms
 + Level 4.5 Armour
 + Level 4.5 Shields


You had 3 spell levels left.
You didn't know any spells.
Your spell library contained the following spells:

 Spells                   Type           Power      Damage    Failure   Level
 Animate Skeleton         Necr           0%         N/A       99%         1
 Pain                     Necr           0%         1d4       99%         1
 Vampiric Draining        Necr           0%         2d6       100%        3
 Animate Dead             Necr           0%         N/A       100%        4
 Agony                    Necr           0%         N/A       100%        5


Dungeon Overview and Level Annotations

Branches:
Dungeon (4/15)
 Temple: D:4-7

Altars:

Annotations:
D:3 3 runed translucent doors, hellse's ghost, amateur VSDe
D:4 3 runed translucent doors, Grinder; atabob's ghost, amateur TeBe; thriggle's ghost, amateur BaIE


Innate Abilities, Weirdness & Mutations

You have a pair of horns on your head.
You reflexively headbutt those who attack you in melee.


Message History

You kill the goblin!
No target in view!
No target in view!
Found 8 gold pieces.
Items here: ( )) [ †.
You now have 188 gold pieces (gained 13).
Items here: ( )) [ †.
Okay, then.
Things that are here:
a +0 ring mail; 9 stones; a ball python corpse You now have 196 gold pieces (gained 8).
There is an open door here.
You see here a hobgoblin skeleton.
Thriggle's ghost turns its malevolent gaze towards you.
Grinder comes into view.
Grinder shouts!
Found 10 gold pieces and 9 arrows.
Grinder is nearby!
Grinder gestures at you. Pain shoots through your body!
Grinder is nearby!
Grinder is nearby!
You closely miss Grinder. Grinder gestures at you.
You resist with significant effort. Grinder hits you.
You writhe in agony.
Grinder is nearby!
Your shield and scale mail prevent you from hitting Grinder.
You headbutt Grinder.
Grinder is lightly wounded.
You block Grinder's attack.
You hit Grinder. Your headbutt misses Grinder.
Grinder is lightly wounded.
Atabob's ghost says, "What do you have that I didn't have?"
Grinder hits you but does no damage.
You closely miss Grinder. You headbutt Grinder!
Grinder is heavily wounded.
Grinder hits you.
You writhe in agony.
Grinder gestures at you. Pain shoots through your body!
You die...

#.###############
#
#...............#
#
###############.#
# #.# #
########### #.# #
##?P⌠P#....# #.##
# #8....#.##.#
#..# #
(.....#5##.# ##.#
# P....W+@##.#
#.# #
⌠....W+..#.# #.#
# P!....+....#
#.# #
$.....#.##.# #.#
# #8....#.##.#
#.# ##?P⌠P####.#
#####.#
######....#
#.....# #.###.#
#.##### #.# #.#


You could see Grinder, atabob's ghost and thriggle's ghost.

Vanquished Creatures
  A gnoll (D:1)
  An adder (D:2)
  4 worms
  A dart slug (D:4)
  3 endoplasms
  3 giant cockroaches
  9 hobgoblins
  15 jackals
  3 quokkas
  6 ball pythons
  11 bats
  3 frilled lizards
  6 goblins
  2 kobolds (D:1)
  3 rats (D:1)
71 creatures vanquished.

Notes
Turn   | Place    | Note
-------+----------+-------------------------------------------
     0 | D:1      | mordus the Minotaur Fighter began the quest for the Orb.
     0 | D:1      | Reached XP level 1. HP: 19/19 MP: 0/0
    91 | D:1      | Reached XP level 2. HP: 26/26 MP: 1/1
   303 | D:1      | Reached XP level 3. HP: 31/31 MP: 2/2
  1010 | D:2      | Found a faded altar of an unknown god.
  1186 | D:2      | Reached XP level 4. HP: 35/39 MP: 3/3
  1841 | D:3      | Found a runed translucent gate.
  1841 | D:3      | Found a runed translucent gate.
  1843 | D:3      | Found a runed translucent gate.
  1884 | D:3      | Noticed hellse's ghost (amateur VSDe)
  2335 | D:4      | Found a runed translucent gate.
  2335 | D:4      | Found a runed translucent gate.
  2335 | D:4      | Found a runed translucent gate.
  2337 | D:4      | Noticed thriggle's ghost (amateur BaIE)
  2337 | D:4      | Noticed atabob's ghost (amateur TeBe)
  2339 | D:4      | Noticed Grinder
  2345 | D:4      | Killed from afar by Grinder

Illustrated notes

Levels and vault maps discovered:
D:1:      lemuel_arrival_hallway, layout_rooms
D:2:      layout_basic, hellmonk_ecumenical_altar_lost_god
D:3:      layout_loops_ring, ebering_ghost_rock_garden
D:4:      layout_loops_ring, minmay_temple_entry_enclosed_plants,
          gammafunk_ghost_cemetery, kennysheep_potato, uniq_ijyb, uniq_grinder

Skill      XL: |  1  2  3 |
---------------+----------+-----
Polearms       | 3 4 |  4.5
Armour         | 4 |  4.5
Shields        | 4 |  4.5
Fighting       | |  3.6

Action                   |  1- 3 |  4- 6 || total
-------------------------+-------+-------++-------
Melee: Trident           |   113 |    69 ||   182
       Headbutt          |    10 |     5 ||    15
Armor: Scale mail        |    44 |    24 ||    68
Dodge: Dodged            |    22 |    22 ||    44
Block: Kite shield       |    54 |    40 ||    94

Table legend: (Time is in decaauts)
 A = Elapsed time spent in this place.
 B = Non-inter-level travel time spent in this place.
 C = Inter-level travel time spent in this place.
 D = Time resting spent in this place.
 E = Time spent auto-exploring this place.
 F = Levels seen in this place.
 G = Mean time per level.
                   A        B        C        D        E       F      G
               +--------+--------+--------+--------+--------+-----+--------+
         Total |   2403 |   2343 |     60 |    263 |   1643 |   4 |  600.8 |
       Dungeon |   2403 |   2343 |     60 |    263 |   1643 |   4 |  600.8 |
               +--------+--------+--------+--------+--------+-----+--------+

Top non-repeatable levels by time:
     D:2: 918 daAuts
     D:3: 647 daAuts
     D:1: 508 daAuts
     D:4: 328 daAuts
